 Dungeon Crawl Stone Soup version 0.31-a0-774-g0d66cbabe8 (webtiles) character file.

Game seed: 4839492288630818598

64 pokeman the Magician (level 3, -1/20 HPs)
             Began as a Deep Elf Hedge Wizard on Sept 17, 2023.
             Slain by an adder (2 damage)
             ... on level 2 of the Dungeon.
             The game lasted 00:03:31 (1585 turns).

pokeman the Magician (Deep Elf Hedge Wizard)        Turns: 1585, Time: 00:03:32

Health: -1/20      AC:  2    Str:  7    XL:     3   Next: 91%
Magic:  0/11       EV: 12    Int: 20    God:
Gold:   171        SH:  0    Dex: 14    Spells: 4/12 levels left

rFire   . . .        a - +0 dagger
rCold   . . .        (no shield)
rNeg    . . .        b - +0 robe
rPois   .            c - +0 hat
rElec   .            (no cloak)
rCorr   .            (no gloves)
SInv    .            (no boots)
Will    .....        (no amulet)
Stlth   ++           (no ring)
HPRegen 0.23/turn    (no ring)
MPRegen 0.12/turn

%: no passive effects
@: lethally poisoned (-1 -> -2)
A: no striking features
a: no special abilities


You were on level 2 of the Dungeon.
You visited 1 branch of the dungeon, and saw 2 of its levels.

You collected 171 gold pieces.

Inventory:

Hand Weapons
 a - a +0 dagger (weapon)
Armour
 b - a +0 robe (worn)
 c - a +0 hat (worn)
Magical Staves
 f - a staff of poison
Scrolls
 e - a scroll of enchant weapon {unknown}
 g - 2 scrolls of teleportation {unknown}
 i - a scroll of enchant armour {unknown}
 k - a scroll of acquirement {unknown}
 l - a scroll of fear {unknown}
Potions
 d - a potion of magic
 h - a potion of ambrosia {unknown}
 j - a potion of might {unknown}
 m - a potion of brilliance {unknown}
 n - a potion of degeneration {unknown}


   Skills:
 - Level 1.0 Fighting
 - Level 1.0 Armour
 + Level 2.5 Dodging
 + Level 2.5 Stealth
 * Level 5.4 Spellcasting
 + Level 2.0 Conjurations
 - Level 1.1 Summonings
 - Level 1.1 Translocations


You had 4 spell levels left.
You knew the following spells:

 Your Spells              Type           Power      Damage    Failure   Level
a - Magic Dart            Conj           52%        1d5       4%          1
b - Mephitic Cloud        Conj/Pois/Air  8%         N/A       26%         3
c - Call Imp              Summ           18%        N/A       11%         2
d - Blink                 Tloc           18%        N/A       11%         2

Your spell library contained the following spells:

 Spells                   Type           Power      Damage    Failure   Level
 Slow                     Hex            20%        N/A       11%         1
 Cigotuvi's Dreadful Rot  Necr/Pois/Air  10%        N/A       17%         2
 Ensorcelled Hibernation  Hex/Ice        10%        N/A       17%         2
 Jinxbite                 Hex            10%        N/A       17%         2
 Anguish                  Hex/Necr       2%         N/A       73%         4


Dungeon Overview and Level Annotations

Branches:
Dungeon (2/15)

Altars:


Message History

You feel less confused. The adder misses you.
The adder closely misses itself.
The kobold throws a stone.
The stone barely misses you.
Unknown command.
You hit the adder.
The adder is heavily wounded.
The kobold throws a stone.
The stone barely misses you.
Unknown command.
The adder closely misses you. The adder closely misses you.
The adder bites you but does no damage. The adder closely misses you.
You hit the adder.
The adder is almost dead.
The adder bites you.
You barely miss the adder.
The adder is almost dead.
The adder bites you.
You are poisoned.
The adder poisons you! The adder bites you. x2
The adder barely misses itself.
Unknown command.
You hit the adder.
You kill the adder!
You feel sick. The adder barely misses you.
Unknown command.
You feel sick. The adder closely misses you.
You hit the adder but do no damage.
You feel sick. The adder closely misses you.
You closely miss the adder.
You feel sick. The adder barely misses you.
Unknown command.
You miss the adder.
You feel sick. The adder bites you.
* * * LOW HITPOINT WARNING * * *
The adder barely misses you.
Unknown command.
Casting: Mephitic Cloud (extremely dangerous; 26% risk of failure)
Confirm with . or Enter, or press ? or * to list all spells.
A tiny devil pulls itself out of the air.
* * * LOW HITPOINT WARNING * * *
You feel sick. The adder bites you.
You die...

#......#.# ######.#.##
##### #.#.##> #....
#.#.##.###.###
#.#.##....####
###.#.##.#.##...
#.....#...<##.#.
#####.)........##.#. #
#.5@SK..............
...#####.###.....<....##.##
..........).[........###.##
.....$.).##########..# #.##
#.######## #..# #... #...
.... #.##


You could see an adder (ally target), a kobold and a friendly cerulean imp
(summoned).

Vanquished Creatures
  2 adders (D:2)
  A worm (D:2)
  A dart slug (D:1)
  An orc (D:2)
  6 endoplasms
  7 goblins
  4 hobgoblins
  A quokka (D:2)
  4 ball pythons
  3 frilled lizards
  7 kobolds
  3 rats
40 creatures vanquished.

Notes
Turn   | Place    | Note
-------+----------+-------------------------------------------
     0 | D:1      | pokeman the Deep Elf Hedge Wizard began the quest for the
                  | Orb.
     0 | D:1      | Reached XP level 1. HP: 10/10 MP: 7/7
   297 | D:1      | Reached XP level 2. HP: 16/16 MP: 4/9
   835 | D:2      | Reached skill level 5 in Spellcasting
  1050 | D:2      | Reached XP level 3. HP: 20/20 MP: 7/11
  1054 | D:2      | Learned a level 3 spell: Mephitic Cloud
  1057 | D:2      | Learned a level 2 spell: Call Imp
  1060 | D:2      | Learned a level 2 spell: Blink
  1387 | D:2      | Reached skill level 1 in Armour
  1527 | D:2      | Reached skill level 1 in Fighting
  1585 | D:2      | HP: 1/20 [poisoned by an adder]
  1585 | D:2      | Slain by an adder

Illustrated notes

Levels and vault maps discovered:
D:1:      tarquinn_simple_flora_water_d, layout_rooms
D:2:      layout_loops_ring, serial_rivers, chequers_serial_rivers_marsh,
          chequers_serial_rivers_marsh, chequers_serial_rivers_micro_a,
          chequers_serial_rivers_room_a

Skill      XL: |  1  2  3 |
---------------+----------+-----
Spellcasting   | 5 |  5.4
Armour         | 1 |  1.0
Fighting       | 1 |  1.0
Conjurations   | 2 |  2.0
Dodging        | |  2.5
Stealth        | |  2.5
Summonings     | |  1.1
Translocations | |  1.1

Action                     || total
---------------------------++-------
  Melee: Dagger            ||    23
   Cast: Magic Dart        ||    90
         Mephitic Cloud    ||     3
         Call Imp          ||     2
   Stab: Confused          ||     2
 Armour: Robe              ||    25
  Dodge: Dodged            ||    26

Table legend: (Time is in decaauts)
 A = Elapsed time spent in this place.
 B = Non-inter-level travel time spent in this place.
 C = Inter-level travel time spent in this place.
 D = Time resting spent in this place.
 E = Time spent auto-exploring this place.
 F = Levels seen in this place.
 G = Mean time per level.
                   A        B        C        D        E       F      G
               +--------+--------+--------+--------+--------+-----+--------+
         Total |   1585 |   1581 |      4 |      0 |   1359 |   2 |  792.5 |
       Dungeon |   1585 |   1581 |      4 |      0 |   1359 |   2 |  792.5 |
               +--------+--------+--------+--------+--------+-----+--------+

Top non-repeatable levels by time:
     D:2: 794 daAuts
     D:1: 791 daAuts
